Map: Abyssal Reef LE

Players

Phranck

  • Race: Terran Terran
  • League: Platinum
  • Spawn Location: 11:00

VOD

Have the link to the VOD?

Description

Time

  • Played on: Jan. 25, 2025, 11:27 p.m.
  • Length: 5:08
Show
View Real Time Build Order
Export as new Build Order

Phranck Terran 

Build Orders:  

Get SALT Encoding   

  12  0:00  SCV  
  13  0:12  SCV  
  14  0:17  Supply Depot  
  14  0:24  SCV  
  15  0:38  SCV  
  15  0:39  Barracks  
  16  0:43  Refinery  
  16  0:50  SCV  
  16  0:53  Refinery  
  17  1:06  Supply Depot  
  17  1:10  SCV  
  18  1:26  Reaper, Orbital Command  
  19  1:49  Factory  
  19  1:55  SCV  
  20  2:06  Barracks Reactor  
  20  2:09  SCV  
  21  2:21  Command Center, SCV  
  22  2:27  Supply Depot  
  22  2:32  Factory Tech Lab  
  22  2:33  SCV  
  23  2:42  Marine x2  
  25  2:45  SCV  
  26  2:51  Siege Tank  
  26  2:57  SCV  
  30  3:00  Marine x2  
  32  3:07  Starport  
  32  3:17  Supply Depot  
  32  3:18  Marine  
  33  3:29  SCV  
  33  3:30  Siege Tank  
  33  3:32  Marine  
  38  3:36  Refinery  
  38  3:43  Starport Tech Lab  
  38  3:44  Marine  
  39  3:50  Marine  
  39  3:51  SCV  
  41  4:02  Marine  
  42  4:03  SCV  
  42  4:04  Banshee  
  42  4:07  Marine  
  47  4:15  SCV  
  48  4:17  Orbital Command  
  48  4:25  Marine  
  48  4:26  Marine  
  48  4:27  SCV  
  51  4:31  Siege Tank  
  54  4:39  SCV  
  54  4:40  Supply Depot  
  54  4:43  Marine x2  
  57  4:49  SCV  
  57  4:51  Supply Depot  
Tags
 
Add a new tag
Caveats
  • Supply blocks, unpowered buildings, or Contaminate may cause inaccurate times.
  • Supply counts are checked every 10 seconds.